 Dungeon Crawl Stone Soup version 0.29-a0-1027-gcd8c55af63 (webtiles) character file.

Game seed: 11695739943740365645

926 nicolae the Changer (level 7, -6/52 HPs)
             Began as a Black Draconian Transmuter on Aug 13, 2022.
             Killed by divine providence
             ... invoked by an orc priest
              (10 damage)
             ... on level 5 of the Dungeon.
             The game lasted 00:09:16 (4600 turns).

nicolae the Changer (Black Draconian Transmuter)    Turns: 4600, Time: 00:09:16

Health: -6/52      AC:  2    Str: 13    XL:     7   Next: 85%
Magic:  8/10       EV: 19    Int: 15    God:
Gold:   305        SH:  0    Dex: 16    Spells: 0/10 levels left

rFire   . . .      SeeInvis .     - Unarmed
rCold   . . .      Faith    .   (shield currently unavailable)
rNeg    . . .      Spirit   .   (body armour unavailable)
rPois   x          Reflect  .   (helmet currently unavailable)
rElec   .          Harm     .   (cloak currently unavailable)
rCorr   .          Rampage  .   (gloves currently unavailable)
Will    .....                   (boots currently unavailable)
Stlth   +.........              (no amulet)
HPRegen 0.17/turn               (no ring)
MPRegen 0.12/turn               (no ring)

@: spider-form
A: venomous fangs, (breathe lightning), AC +6, tiny, unfitting armour,
(electricity resistance), (cold-blooded)
a: End Transformation


You were on level 5 of the Dungeon.
You were a venomous arachnid creature.
You visited 1 branch of the dungeon, and saw 6 of its levels.

You collected 305 gold pieces.

Inventory:

Missiles
 f - 11 poisoned darts
 k - a throwing net
Armour
 j - the +0 cloak of Bedazzled Brilliance (melded) {rElec Regen+}
   (You found it on level 2 of the Dungeon)

   rElec:     It insulates you from electricity.
   Regen:     It increases your rate of health regeneration.
Wands
 i - a wand of quicksilver (6)
 n - a wand of flame (32)
Scrolls
 b - 2 scrolls of magic mapping
 d - 4 scrolls of enchant armour {unknown}
 g - 2 scrolls of fog
 h - a scroll of amnesia {unknown}
 o - a scroll of acquirement {unknown}
 p - a scroll of immolation {unknown}
 r - a scroll of teleportation {unknown}
 u - a scroll of summoning {unknown}
 w - a scroll of vulnerability
 z - a scroll of brand weapon {unknown}
Potions
 a - a potion of lignification
 c - 2 potions of curing
 e - a potion of invisibility
 l - a potion of attraction
 m - a potion of heal wounds {unknown}
 q - a potion of mutation {unknown}
 s - 2 potions of magic
 t - a potion of berserk rage {unknown}
 v - a potion of brilliance {unknown}
 x - a potion of flight {unknown}


   Skills:
 - Level 1.1 Fighting
 - Level 1.7 Dodging
 - Level 3.0 Unarmed Combat
 - Level 2.0 Spellcasting
 - Level 7.0 Transmutations
 + Level 2.7 Ice Magic
 - Level 5.0 Poison Magic


You couldn't memorise any spells.
You knew the following spells:

 Your Spells              Type           Power      Damage    Failure   Level
a - Beastly Appendage     Tmut           44%        N/A       6%          1
b - Wereblood             Tmut           22%        N/A       8%          2
c - Spider Form           Tmut/Pois      19%        N/A       16%         3
d - Ice Form              Ice/Tmut       16%        N/A       52%         4

Your spell library contained the following spells:

 Spells                   Type           Power      Damage    Failure   Level
 Scorch                   Fire           2%         2d5       54%         2
 Flame Wave               Conj/Fire      1%         2d4       98%         4
 Summon Cactus Giant      Summ           0%         N/A       100%        6


Dungeon Overview and Level Annotations

Branches:
Dungeon (6/15)
 Temple: D:4-7

Altars:
Vehumet
Xom

Shops:
D:3 [   D:4 [(?


Innate Abilities, Weirdness & Mutations

You are a venomous arachnid creature.
You have poisonous fangs.
You are tiny and dextrous.
Your spellcasting is less reliable in this form.
Your armour is entirely melded.
You are incapable of wielding weapons or throwing items.
((You can breathe wild blasts of lightning.))
((Your glossy black scales are hard. (AC +6)))
You cannot fit into any form of body armour.
((You are resistant to electric shocks. (rElec)))
((You are cold-blooded and may be slowed by cold attacks.))


Message History

The orc warrior looks as sick as possible!
The orc warrior is lightly wounded.
The orc warrior attacks as you move away!
The orc warrior barely misses you. The orc misses you.
You hit the orc.
The orc is moderately wounded.
The orc hits you with a +0 whip.
The orc warrior hits you with a +0 dire flail!!
You barely miss the orc warrior.
The orc warrior is moderately wounded.
The orc hits you with a +0 whip.
* * * LOW HITPOINT WARNING * * *
You feel better. The orc closely misses you.
The orc warrior completely misses you.
The orc priest mumbles some strange prayers to Beogh against you.
Beogh smites you!
* * * LOW HITPOINT WARNING * * *
Unknown command.
You barely miss the orc priest.
The orc priest is heavily wounded.
The orc misses you. The orc warrior closely misses you.
The orc priest calls upon Beogh to heal the orc.
The orc's wounds heal themselves!
You hit the orc priest but do no damage.
The orc priest looks even sicker.
The orc priest is heavily wounded.
The orc completely misses you. The orc warrior closely misses you.
The orc priest completely misses you.
You barely miss the orc priest.
The orc priest is severely wounded.
The orc hits you but does no damage. The orc warrior misses you.
The orc priest mumbles some strange prayers to Beogh against you.
Pain shoots through your body!
* * * LOW HITPOINT WARNING * * *
You feel better. The orc hits you but does no damage.
The orc warrior hits you with a +0 dire flail!
* * * LOW HITPOINT WARNING * * *
The orc priest mumbles some strange prayers to Beogh against you.
Beogh smites you!
You die...

#.#####.# #|# #.#
#...#...# #.# ####.#
#.#.#...# #.# #....#
#.#...### #.# #.####
#.###.#### #.# #.# #.#
#....## #.# #.# #.#
#.....####.######.# #.#
####.oo...........#
#.######.so........####
#.........####.##...##
########..# #.#.....###
##########..#
#.........###
#...........#
###.....#....
#.########.##
##...###### #.# #.#
##.## #.# #.# #.# # #.#
#.# #.# #


You could see an orc warrior (very poisoned), an orc priest (very poisoned) and
an orc.

Vanquished Creatures
  Sigmund (D:3)
  A phantom (D:5)
  2 scorpions (D:5)
  A hound (D:5)
  A jelly (D:5)
  An orc priest (D:4)
  Terence (D:3)
  6 orc wizards
  3 iguanas
  10 adders
  3 gnolls (D:3)
  A white imp (D:5)
  4 dart slugs
  14 orcs
  2 bats
  14 endoplasms
  5 giant cockroaches
  6 goblins
  3 hobgoblins
  6 jackals
  2 quokkas
  5 ball pythons
  2 frilled lizards (D:2)
  9 kobolds
  7 rats
110 creatures vanquished.

Notes
Turn   | Place    | Note
-------+----------+-------------------------------------------
     0 | D:1      | nicolae the Draconian Transmuter began the quest for the
                  | Orb.
     0 | D:1      | Reached XP level 1. HP: 16/16 MP: 3/3
   244 | D:1      | Reached XP level 2. HP: 23/23 MP: 3/5
   305 | D:1      | Reached skill level 3 in Transmutations
   561 | D:1      | Reached XP level 3. HP: 28/28 MP: 4/6
   892 | D:1      | Learned a level 2 spell: Wereblood
   896 | D:1      | Learned a level 3 spell: Spider Form
   987 | D:2      | Reached skill level 4 in Transmutations
  1159 | D:2      | Identified the +0 cloak of Bedazzled Brilliance {rElec
                  | Regen+}
  1202 | D:2      | Reached XP level 4. HP: 35/35 MP: 7/7
  1623 | D:3      | Noticed Terence
  1638 | D:3      | Killed Terence
  1639 | D:3      | Reached skill level 5 in Transmutations
  1685 | D:3      | Reached skill level 1 in Poison Magic
  1749 | D:3      | Found a radiant altar of Vehumet.
  1801 | D:3      | Reached XP level 5. HP: 40/40 MP: 6/8
  1950 | D:3      | Noticed Sigmund
  1975 | D:3      | Killed Sigmund
  1976 | D:3      | Reached XP level 6. HP: 32/47 MP: 9/9
  2190 | D:3      | Found Ywnial's Antique Armour Shop.
  2506 | D:4      | Reached skill level 5 in Poison Magic
  2680 | D:4      | Found Lesuf's Magic Scroll Boutique.
  2689 | D:4      | Found Giorph's Weapon Emporium.
  2839 | D:4      | Found Imyatauh's Armour Emporium.
  2945 | D:4      | Your scales start taking on a glossy black colour.
  2945 | D:4      | Reached XP level 7. HP: 50/52 MP: 8/10
  2945 | D:4      | Gained mutation: You are resistant to electric shocks.
                  | (rElec) [Black Draconian growth]
  3267 | D:4      | Identified the +0 leather armour "Fatwogiu" {Regen+ Dex+2
                  | Slay+2}
  3346 | D:4      | Found a shimmering altar of Xom.
  3468 | D:5      | Entered Level 5 of the Dungeon
  3494 | D:5      | Reached skill level 6 in Transmutations
  3513 | D:5      | Learned a level 4 spell: Ice Form
  3958 | D:5      | Reached skill level 7 in Transmutations
  4117 | D:5      | Reached skill level 1 in Ice Magic
  4600 | D:5      | Killed from afar by an orc priest

Illustrated notes

Levels and vault maps discovered:
D:1:      minmay_arrival_split_and_join, layout_rooms, st_stairs_5,
          minivault_14, serial_bayou_pond_e
D:2:      layout_rooms
D:3:      layout_loops_cross, vehumet_altar_wand_db, serial_shops,
          nicolae_shop_competitors_out_of_business, uniq_sigmund, uniq_terence
D:4:      kennysheep_big_flooded_room, layout_basic,
          mainiacjoe_overflow_six_doors_small, serial_shops,
          nicolae_shop_hallway_plus, nicolae_shop_bloodbath_and_beyond,
          nicolae_take_the_stairs
D:5:      layout_loops_ring
D:6:      layout_layer_cave

Skill      XL: |  1  2  3  4  5  6  7 |
---------------+----------------------+-----
Transmutations | 3 4 5 7 |  7.0
Poison Magic   | 1 4 5 |  5.0
Ice Magic      | 2 |  2.7
Fighting       | |  1.1
Dodging        | |  1.7
Unarmed Combat | |  3.0
Spellcasting   | |  2.0

Action                   |  1- 3 |  4- 6 |  7- 9 || total
-------------------------+-------+-------+-------++-------
Melee: Unarmed           |    96 |   206 |   126 ||   428
       Kick              |    20 |    46 |    20 ||    86
       Headbutt          |    13 |    25 |    17 ||    55
       Tailslap          |    12 |    23 |    12 ||    47
       Punch             |     1 |     3 |     4 ||     8
 Cast: Beastly Appendage |    23 |    32 |    11 ||    66
       Wereblood         |     1 |     3 |     2 ||     6
       Spider Form       |       |     1 |     2 ||     3
 Abil: Breathe Lightning |       |       |     1 ||     1
  Use: Scroll            |     2 |     5 |     2 ||     9
       Potion            |       |       |     2 ||     2
 Stab: Sleeping          |     1 |       |       ||     1
Armor: Skin              |    29 |    61 |    38 ||   128
Dodge: Dodged            |    56 |   134 |    87 ||   277

Table legend: (Time is in decaauts)
 A = Elapsed time spent in this place.
 B = Non-inter-level travel time spent in this place.
 C = Inter-level travel time spent in this place.
 D = Time resting spent in this place.
 E = Time spent auto-exploring this place.
 F = Levels seen in this place.
 G = Mean time per level.
                   A        B        C        D        E       F      G
               +--------+--------+--------+--------+--------+-----+--------+
         Total |   4581 |   4432 |    149 |    348 |   3142 |   6 |  763.5 |
       Dungeon |   4581 |   4432 |    149 |    348 |   3142 |   6 |  763.5 |
               +--------+--------+--------+--------+--------+-----+--------+

Top non-repeatable levels by time:
     D:5: 1124 daAuts
     D:4: 1080 daAuts
     D:1: 897 daAuts
     D:3: 825 daAuts
     D:2: 652 daAuts
     D:6: 1 daAuts
